 Seeded DCSS version 0.29.1-15-g9cfb28693d (webtiles) character file.

Game seed: 14418131082058320924 (custom seed)

8761 booth the Cleaver (level 11, -1/84 HPs)
             Began as a Demonspawn Gladiator on Feb 27, 2023.
             Was an Initiate of Gozag.
             Collided with some lava (13 damage)
             ... caused by a swamp worm
             ... on level 10 of the Dungeon.
             The game lasted 01:01:20 (9983 turns).

booth the Cleaver (Demonspawn Gladiator)            Turns: 9983, Time: 01:01:21

Health: -1/84      AC: 17    Str: 19    XL:     11   Next: 14%
Magic:  11/11      EV: 18    Int:  9    God:    Gozag
Gold:   211        SH:  0    Dex: 18    Spells: 10/10 levels left

rFire   + . .      SeeInvis .   l - +5 war axe of Wariness {venom, rElec rCorr Dex+3}
rCold   + . .      Faith    .   (no shield)
rNeg    + . .      Spirit   .   M - +1 acid dragon scales
rPois   .          Reflect  .   c - +0 helmet
rElec   +          Harm     .   O - +1 cloak "Waer" {rN+}
rCorr   +          Rampage  .   G - +1 pair of gloves
Will    .....                   E - +0 pair of boots
Stlth   ++........              n - amulet "Xotsom" {Acrobat rC+}
HPRegen 0.24/turn               D - +4 ring of evasion
MPRegen 0.12/turn               H - ring of protection from fire

@: no status effects
A: ignite blood 1, spiny 1, sharp scales 2, weakness stinger 2
a: Renounce Religion, Potion Petition, Call Merchant, Bribe Branch


You were on level 10 of the Dungeon.
You worshipped Gozag.
Gozag was aware of your devotion.
You visited 1 branch of the dungeon, and saw 10 of its levels.
You also visited: Ossuary.

You collected 1308 gold pieces.
You spent 66 gold pieces at shops.
You paid 1031 gold pieces to Gozag.

Inventory:

Hand Weapons
 l - the +5 war axe of Wariness (weapon) {venom, rElec rCorr Dex+3}
   (You found it on level 3 of the Dungeon)

   It poisons the flesh of those it strikes.
   Dex:       It affects your dexterity (+3).
   rElec:     It insulates you from electricity.
   rCorr:     It protects you from acid and corrosion.
 r - a +5 morningstar
 A - a +2 battleaxe of freezing
 N - a +0 mace of protection
Missiles
 a - 2 boomerangs
 d - 4 throwing nets
 e - a javelin
 i - 18 poisoned darts (quivered)
Armour
 b - a +0 leather armour
 c - a +0 helmet (worn)
 q - a scarf of repulsion
 E - a +0 pair of boots (worn)
 G - a +1 pair of gloves (worn)
 M - +1 acid dragon scales (worn)
 O - the +1 cloak "Waer" (worn) {rN+}
   (You found it on level 8 of the Dungeon)

   rN:        It protects you from negative energy.
Jewellery
 n - the amulet "Xotsom" (around neck) {Acrobat rC+}
   (You found it on level 3 of the Dungeon)

   [amulet of the acrobat]

   It increases your evasion while moving and waiting.
   rC:        It protects you from cold.
 C - an amulet of regeneration
 D - a +4 ring of evasion (left hand)
 H - a ring of protection from fire (right hand)
 I - a ring of resist corrosion
 J - a +6 ring of intelligence
Wands
 m - a wand of flame (27)
 u - a wand of polymorph (9)
 y - a wand of quicksilver (21)
 z - a wand of roots (8)
 K - a wand of paralysis (7)
Scrolls
 h - 5 scrolls of immolation
 o - 2 scrolls of teleportation
 s - 2 scrolls of magic mapping
 t - a scroll of fear
 v - a scroll of blinking
 B - a scroll of amnesia
 F - a scroll of identify
 Q - a scroll of summoning
Potions
 f - 2 potions of haste
 g - a potion of resistance
 j - 2 potions of magic
 k - 2 potions of heal wounds
 p - 5 potions of curing
 w - 2 potions of mutation
 x - 2 potions of might


   Skills:
 + Level 7.0 Fighting
 + Level 12.2 Axes
 + Level 2.2 Throwing
 + Level 5.3 Armour
 + Level 5.8 Dodging
 + Level 3.8 Stealth


You had 10 spell levels left.
You didn't know any spells.
Your spell library contained the following spells:

 Spells                   Type           Power      Damage    Failure   Level
 Foxfire                  Conj/Fire      0%         2x1d4     45%         1
 Sting                    Tmut/Pois      0%         1d3       45%         1
 Summon Small Mammal      Summ           0%         N/A       45%         1
 Poisonous Vapours        Pois/Air       0%         N/A       61%         2
 Call Canine Familiar     Summ           0%         N/A       83%         3
 Conjure Flame            Conj/Fire      0%         6-21      83%         3
 Inner Flame              Hex/Fire       0%         N/A       83%         3
 Ozocubu's Armour         Ice            0%         N/A       83%         3
 Stone Arrow              Conj/Erth      0%         3d7       83%         3
 Summon Guardian Golem    Hex/Summ       0%         N/A       83%         3
 Animate Armour           Summ/Erth      0%         N/A       99%         4
 Flame Wave               Conj/Fire      0%         2d4       99%         4
 Olgreb's Toxic Radiance  Pois           0%         N/A       99%         4
 Metabolic Englaciation   Hex/Ice        0%         N/A       100%        5
 Lehudib's Crystal Spear  Conj/Erth      0%         10d2      100%        8
 Simulacrum               Ice/Necr       Unusable   N/A       N/A         6

Dungeon Overview and Level Annotations

Branches:
Dungeon (10/15)            Temple (0/1) D:7         Ossuary (visited)
   Lair: D:8-11         Orc: D:9-12

Altars:
Dithmenos
Gozag
Hepliaklqana
Kikubaaqudgha
Nemelex Xobeh
Okawaru
Uskayaw
Vehumet
Xom

Shops:
D:1 :[!   D:7 *   D:9 *

Annotations:
D:10 1 transporter


Innate Abilities, Weirdness & Mutations

Your demonic aura sometimes causes spilled blood to erupt in flames.
You are partially covered in sharp spines.
You are mostly covered in razor-sharp scales. (AC +2, Slay +2)
You have a tail ending in a sharp stinger.


Message History

You struggle against the net.
The swamp worm fires a harpoon shot at you.
The harpoon shot hits you!
You are yanked forward by the harpoon shot.
You collide with the briar patch!
The briar patch is almost destroyed.
* * * LOW HITPOINT WARNING * * *
The swamp worm fires a harpoon shot at you.
The harpoon shot hits you.
* * * LOW HITPOINT WARNING * * *
You are yanked forward by the harpoon shot.
You collide with the briar patch!
* * * LOW HITPOINT WARNING * * *
You feel much better.
You struggle against the net.
The swamp worm fires a harpoon shot at you.
The harpoon shot hits you!
You are yanked forward by the harpoon shot.
You violently stop moving!
* * * LOW HITPOINT WARNING * * *
The swamp worm fires a harpoon shot at you.
The harpoon shot hits you but does no damage.
Really walk into that net trap? [Y]es or [N]o only, please.
Really walk into that net trap? [Y]es or [N]o only, please.
Really walk into that net trap?
Okay, then.
You are struck by the briar patch's thorns.
* * * LOW HITPOINT WARNING * * *
You slash the briar patch!
You destroy the briar patch!
You hit the briar patch.
The swamp worm fires a harpoon shot at you.
The harpoon shot hits you!
* * * LOW HITPOINT WARNING * * *
You are yanked forward by the harpoon shot.
You violently stop moving!
You die...
Your body crumbles into a pile of gold.

###.# #..### # ..#.#
#....# .## #.#.# #.##.##..
#####.#.#######..#.#.#
....#.#.#...........#
#.......#########.##
#..<....##w#♣#w##..#
#....####≈≈#§§§§##.#
###....#[)#PP§P§@PP#.###.#
......©#©$+○^^^^°^©#©....#
###....#=)#PPP§PPPP#.#####
###....####§§≈#≈≈≈##.#
..........#w#w#w#♣#..#
.##.#.....#########.##
#.#####..........## # #.#
#......##### # #.#
########


You could see 4 swamp worms.

Vanquished Creatures
  A tengu warrior (D:9)
  Pikel (D:8)
  An orc sorcerer (D:7)
  Maggie (D:8)
  4 gargoyles (D:8)
  Psyche (D:8)
  A tengu conjurer (D:9)
  A shadow (D:9)
  3 wraiths
  10 yaks
  A steam dragon (D:7)
  An acid dragon (D:9)
  2 water moccasins
  An ice beast (D:5)
  3 orc warriors
  A sky beast (D:6)
  An ogre (D:5)
  2 centaurs (D:9)
  3 bullfrogs
  3 scorpions
  2 necrophages
  A gnoll sergeant (D:9)
  7 wights
  6 killer bees (D:9)
  8 orc priests
  2 jellies
  3 hounds
  3 iguanas
  10 orc wizards
  10 gnolls
  8 adders
  A shadow imp (D:6)
  A white imp (D:8)
  A worm (D:2)
  An adder zombie (Ossuary)
  2 dart slugs
  34 orcs
  6 ball pythons
  3 bats
  3 endoplasms
  2 giant cockroaches
  4 goblins
  5 hobgoblins
  7 jackals
  4 quokkas
  2 frilled lizards
  2 hobgoblin zombies (Ossuary)
  9 kobolds
  A kobold zombie (Ossuary)
  3 orc skeletons (Ossuary)
  An orc zombie (Ossuary)
  3 rats
  A spectral orc (D:8)
  A briar patch (D:10)
  A bush (D:9)
200 creatures vanquished.

Vanquished Creatures (others)
  An orc wizard (D:7)
  A briar patch (D:10)
2 creatures vanquished.

Grand Total: 202 creatures vanquished

Notes
Turn   | Place    | Note
-------+----------+-------------------------------------------
     0 | D:1      | booth the Demonspawn Gladiator began the quest for the Orb.
     0 | D:1      | Reached XP level 1. HP: 16/16 MP: 1/1
     6 | D:1      | Found Geikiude's Book Emporium.
   291 | D:1      | Found Addos's Armour Shoppe.
   436 | D:1      | Gained mutation: You are partially covered in razor-sharp
                  | scales. (AC +1, Slay +1) [demonic ancestry]
   436 | D:1      | Reached XP level 2. HP: 21/22 MP: 2/2
   492 | D:1      | Found Reosih's Distillery.
   564 | D:2      | Reached skill level 3 in Axes
   729 | D:2      | Reached skill level 1 in Armour
   750 | D:2      | Gained mutation: You have a small tail. [demonic ancestry]
   750 | D:2      | Reached XP level 3. HP: 22/28 MP: 3/3
   887 | D:3      | Identified the +5 war axe of Wariness {venom, rElec rCorr
                  | Dex+3}
  1142 | D:3      | Identified the amulet "Xotsom" {Acrobat rC+}
  1226 | D:2      | Gained mutation: You have a tail ending in a sharp stinger.
                  | [demonic ancestry]
  1226 | D:2      | Reached XP level 4. HP: 34/34 MP: 4/4
  1294 | D:2      | Found a faded altar of an unknown god.
  1309 | D:2      | Prayed at the altar of an unknown god.
  1309 | D:2      | Became a worshipper of Vehumet
  1309 | D:2      | Reached * piety under Vehumet
  1309 | D:2      | Offered knowledge of Sandblast by Vehumet.
  1311 | D:2      | Fell from the grace of Vehumet
  2251 | D:4      | Reached skill level 4 in Axes
  2251 | D:4      | Gained mutation: You are mostly covered in razor-sharp
                  | scales. (AC +2, Slay +2) [demonic ancestry]
  2251 | D:4      | Reached XP level 5. HP: 38/39 MP: 5/5
  2565 | D:4      | Found a sand-covered staircase.
  2577 | Ossuary  | Entered an ossuary
  2836 | Ossuary  | Reached skill level 5 in Axes
  2836 | Ossuary  | Reached XP level 6. HP: 28/47 MP: 6/6
  2991 | Ossuary  | Noticed a wraith
  2991 | Ossuary  | Noticed a flying skull
  3003 | Ossuary  | Noticed a wraith
  3014 | Ossuary  | HP: 2/47 [wraith (4)]
  3015 | Ossuary  | Killed a wraith
  3016 | Ossuary  | Reached skill level 1 in Stealth
  3720 | Ossuary  | Noticed a flying skull
  3729 | Ossuary  | Noticed a flying skull
  3734 | Ossuary  | Noticed a flying skull
  3753 | Ossuary  | Noticed a flying skull
  3803 | Ossuary  | Noticed a wraith
  3808 | Ossuary  | Killed a wraith
  3809 | Ossuary  | Reached skill level 6 in Axes
  3809 | Ossuary  | Gained mutation: You are partially covered in sharp spines.
                  | [demonic ancestry]
  3809 | Ossuary  | Reached XP level 7. HP: 47/52 MP: 7/7
  4220 | D:5      | Entered Level 5 of the Dungeon
  4408 | D:5      | Found a shimmering altar of Xom.
  4654 | D:5      | Reached XP level 8. HP: 50/60 MP: 8/8
  4732 | D:5      | Reached skill level 7 in Axes
  4930 | D:5      | Found a hide-covered altar of Uskayaw.
  4935 | D:5      | Found an opulent altar of Gozag.
  5176 | D:6      | Was forgiven by Vehumet
  5345 | D:5      | Became a worshipper of Gozag Ym Sagoz the Greedy
  5808 | D:6      | Reached skill level 8 in Axes
  5820 | D:6      | Found a sparkling altar of Nemelex Xobeh.
  5989 | D:7      | Found a staircase to the Ecumenical Temple.
  6142 | D:7      | Reached skill level 5 in Fighting
  6142 | D:7      | Reached XP level 9. HP: 66/68 MP: 9/9
  6266 | D:7      | Found Ciang's Assorted Antiques.
  6547 | D:7      | Identified the +5 dagger of Impeachment {freeze, Dex+2}
  6669 | D:7      | Noticed an orc sorcerer
  6676 | D:7      | Killed an orc sorcerer
  6677 | D:7      | Reached skill level 9 in Axes
  7138 | D:8      | Noticed Maggie
  7226 | D:8      | Noticed Pikel
  7237 | D:8      | Killed Pikel
  7261 | D:8      | Killed Maggie
  7262 | D:8      | Reached skill level 10 in Axes
  7380 | D:8      | Noticed Psyche
  7389 | D:8      | Killed Psyche
  7390 | D:8      | Reached skill level 5 in Dodging
  7481 | D:8      | Gained mutation: Your demonic aura sometimes causes spilled
                  | blood to erupt in flames. [demonic ancestry]
  7481 | D:8      | Reached XP level 10. HP: 69/76 MP: 10/10
  7600 | D:8      | Noticed a gargoyle
  7656 | D:8      | Noticed a gargoyle
  7656 | D:8      | Noticed a gargoyle
  7723 | D:8      | Killed a gargoyle
  7881 | D:8      | Noticed a gargoyle
  7915 | D:8      | Killed a gargoyle
  7916 | D:8      | Reached skill level 11 in Axes
  8091 | D:8      | Found an iron altar of Okawaru.
  8180 | D:8      | Killed a gargoyle
  8181 | D:8      | Reached skill level 5 in Armour
  8295 | D:8      | Identified the +1 cloak "Waer" {rN+}
  8466 | D:8      | Found a hazy altar of Hepliaklqana.
  8546 | D:8      | Killed a gargoyle
  8600 | D:8      | Found an ancient bone altar of Kikubaaqudgha.
  8679 | D:9      | Noticed a tengu warrior
  8691 | D:9      | Killed a tengu warrior
  8936 | D:9      | Reached skill level 12 in Axes
  8936 | D:9      | Reached XP level 11. HP: 73/83 MP: 11/11
  9049 | D:9      | Found an opulent altar of Gozag.
  9094 | D:9      | Bought a scroll of identify for 66 gold pieces
  9187 | D:9      | Found a shadowy altar of Dithmenos.
  9797 | D:10     | Entered Level 10 of the Dungeon
  9891 | D:10     | Found a transporter.
  9915 | D:10     | Found a transporter.
  9983 | D:10     | Collided with some lava

Illustrated notes

Levels and vault maps discovered:
D:1:      dpeg_arrival_fog, layout_loops_ring, serial_shops, shop,
          nicolae_square_shop, nicolae_shop_hallway_stairs, nicolae_shop_trees,
          shop, wander_ebering_terrifying_dragon_lair
D:2:      layout_rooms, basic_ecumenical_altar
D:3:      layout_loops_ring
D:4:      layout_rooms, nicolae_ossuary_entry_monument, item_on_display_a
D:5:      nicolae_BIG_FREAKIN_CUBE, layout_basic,
          nicolae_overflow_hidden_temple, corner_web_ring,
          hangedman_decor_diamond_cutter
D:6:      layout_basic, nemelex_xobeh_ov_fountains_minmay,
          grunt_decor_resistance
D:7:      cheibrodos_wizards_tower, layout_basic, kennysheep_mini,
          minmay_temple_entry_ruins, serial_shops, nicolae_shop_crystal
D:8:      cheibrodos_statue_roulette, layout_basic, okawaru_altar_gauntlet_db,
          mainiacjoe_overflow_tiny_flanked,
          nicolae_hepliaklqana_monster_ancestors, old_standard_altar,
          serial_glass, glass_columns_a, glass_columns_a, uniq_pikel,
          uniq_maggie, uniq_psyche
D:9:      layout_loops_ring, kb_lookout_dungeons_type,
          hangedman_abyss_or_decor_slice, hangedman_feature_mirror
D:10:     gammafunk_worm_tunnel, layout_loops_ring, lair_entry_dummy,
          david_orc_3, corexii_leaking_fountain

Skill      XL: |  1  2  3  4  5  6  7  8  9 10 11 |
---------------+----------------------------------+-----
Axes           | 3 4 5 6 8 10 12 | 12.2
Armour         | 1 2 4 5 |  5.3
Dodging        | 3 4 5 |  5.8
Throwing       | 2 |  2.2
Fighting       | 3 4 5 6 7 |  7.0
Stealth        | 1 2 3 |  3.8

Action                   |  1- 3 |  4- 6 |  7- 9 | 10-12 || total
-------------------------+-------+-------+-------+-------++-------
Melee: War axe           |    86 |    75 |   149 |   162 ||   472
       Tailslap          |     2 |     8 |    19 |    31 ||    60
       Punch             |       |     2 |     3 |     4 ||     9
Throw: Dart              |       |     1 |     1 |       ||     2
Invok: Renounce Religion |       |     1 |       |       ||     1
       Potion Petition   |       |       |       |     1 ||     1
       Call Merchant     |       |       |       |     1 ||     1
Evoke: Wand              |       |       |       |     1 ||     1
  Use: Scroll            |       |     4 |     8 |     7 ||    19
       Potion            |       |     1 |     3 |     3 ||     7
 Stab: Sleeping          |       |     3 |       |       ||     3
       Distracted        |       |       |       |     1 ||     1
Armor: Leather armour    |    40 |    13 |    32 |       ||    85
       Acid dragon scale |       |       |       |    33 ||    33
Dodge: Dodged            |    91 |    54 |    94 |   134 ||   373
       Repelled          |       |       |     7 |     5 ||    12
